Workbook
Name Database: #REF!

Sheet PREENCHIMENTO
A3: FORMA DE PREENCHIMENTO DAS PLANILHAS ELETRÔNICAS
A5: 1) O presente arquivo eletrônico é composto pelas seguintes planilhas:
A6: • PLANILHA DE ORÇAMENTO BASE – LICITANTE - ANEXO 3.A
A7: • CRONOGRAMA FÍSICO-FINANCEIRO – LICITANTE - ANEXO 4.A
A8: • PLANILHA DE COMPOSIÇÕES UNITÁRIAS DE SERVIÇOS – LICITANTE - ANEXO 5.A
A9: • PLANILHA DE CUSTOS UNITÁRIOS DE INSUMOS/SERVIÇOS – LICITANTE - ANEXO 6.A
A10: • PLANILHA DE COMPOSIÇÃO DAS TAXAS DE BDI - LICITANTE - ANEXO 7.A
A11: • PLANILHA DOS ENCARGOS SOCIAIS E TRABALHISTAS - LICITANTE - ANEXO 8.A
A13: 2) A Licitante deverá preencher todos os campos em amarelo com o valor proposto, nas seguintes planilhas, podendo iniciar o preenchimento em qualquer sequência:
A15: • PLANILHA DE ORÇAMENTO BASE – LICITANTE - ANEXO 3.A
A16: • PLANILHA DE COMPOSIÇÕES UNITÁRIAS DE SERVIÇOS – LICITANTE - ANEXO 5.A
A17: • PLANILHA DE CUSTOS UNITÁRIOS DE INSUMOS/SERVIÇOS – LICITANTE - ANEXO 6.A
... A34: 6) Por fim, a Licitante deverá preencher a "PLANILHA DE ORÇAMENTO – LICITANTE - ANEXO 3.A" nos campos destinados ao TIMBRE DA LICITANTE e o responsável pelo preenchimento.

Sheet 3.A
A1: TIMBRE LICITANTE
A7: ANEXO 3.A - PLANILHA DE ORÇAMENTO BASE - LICITANTE
A9: OBJETO: FORNECIMENTO E INSTALAÇÃO DE GUARDA-CORPOS, ESCADAS MARINHEIROS E GRADES-PISO, EM FIBRA DE VIDRO, NAS ÁREAS DE PROCESSO DA ESTAÇÃO DE TRATAMENTO DE ÁGUA.
B10: LEIS SOCIAIS HORISTA - JORNADA NORMAL | F10: ='8.A'!$C$49 -> 0 | I10: DATA | J10: 45488
B11: ="BDI - M.O / SERV. / MAT. COMUNS" -> BDI - M.O / SERV. / MAT. COMUNS | F11: ='7.A'!$E$31 -> 0
A14: ITEM | B14: SERVIÇO | C14: UNID | D14: QUANT. | E14: PREÇO | F14: MO | G14: SERVIÇO | H14: MAT. / EQUIP. | I14: PREÇO | J14: %
E15: UNIT.(R$) | F15: R$ | G15: R$ | H15: R$ | I15: TOTAL(R$)
A17: 1.0 | B17: CANTEIRO DE OBRAS | C17: SUB-TOTAL | F17: =ROUND(D19*F19,2) -> 0 | G17: =ROUND(D19*G19,2) -> 0 | H17: =ROUND(D19*H19,2) -> 0 | I17: =F17+G17+H17 -> 0 | J17: =ROUND(I17/$I$41,6) -> #DIV/0!
F18: =F17/I17 -> #DIV/0! | G18: =G17/I17 -> #DIV/0! | H18: =H17/I17 -> #DIV/0!
A19: 1.1 | B19: OPERAÇÃO DO CANTEIRO DE OBRAS | C19: GB | D19: 1 | E19: =G19+H19+F19 -> 0 | F19: ='5.A'!F26 -> 0 | G19: ='5.A'!F39 -> 0 | H19: ='5.A'!F62 -> 0 | I19: =ROUND(D19*F19,2)+ROUND(D19*G19,2)+ROUND(D19*H19,2) -> 0 | J19: =I19/$I$41 -> #DIV/0!
A21: 2.0 | B21: GUARDA CORPO PLANO EM FIBRA DE VIDRO PULTRUDADA | C21: SUB-TOTAL | F21: =ROUND(D23*F23,2) -> 0 | G21: =ROUND(D23*G23,2) -> 0 | H21: =ROUND(D23*H23,2) -> 0 | I21: =F21+G21+H21 -> 0 | J21: =ROUND(I21/$I$41,6) -> #DIV/0!
F22: =F21/I21 -> #DIV/0! | G22: =G21/I21 -> #DIV/0! | H22: =H21/I21 -> #DIV/0!
A23: 2.1 | B23: FORNECIMENTO POSTO OBRA E INSTALAÇÃO DE GUARDA-CORPO RETO EM POLÍMERO REFORÇADO COM FIBRA DE VIDRO | C23: M | D23: 1006 | E23: =G23+H23+F23 -> 0 | F23: ='5.A'!$F$78 -> 0 | G23: ='5.A'!$F$91 -> 0 | H23: ='5.A'!$F$114 -> 0 | I23: =ROUND(D23*F23,2)+ROUND(D23*G23,2)+ROUND(D23*H23,2) -> 0 | J23: =I23/$I$41 -> #DIV/0!
A25: 3.0 | B25: GUARDA CORPO ESCADA EM FIBRA DE VIDRO PULTRUDADA | C25: SUB-TOTAL | F25: =ROUND(D27*F27,2) -> 0 | G25: =ROUND(D27*G27,2) -> 0 | H25: =ROUND(D27*H27,2) -> 0 | I25: =F25+G25+H25 -> 0 | J25: =ROUND(I25/$I$41,6) -> #DIV/0!
F26: =F25/I25 -> #DIV/0! | G26: =G25/I25 -> #DIV/0! | H26: =H25/I25 -> #DIV/0!
A27: 3.1 | B27: FORNECIMENTO POSTO OBRA E INSTALAÇÃO DE GUARDA-CORPO ESCADA EM POLÍMERO REFORÇADO COM FIBRA DE VIDRO | C27: M | D27: 58.1 | E27: =G27+H27+F27 -> 0 | F27: ='5.A'!F130 -> 0 | G27: ='5.A'!F143 -> 0 | H27: ='5.A'!F166 -> 0 | I27: =ROUND(D27*F27,2)+ROUND(D27*G27,2)+ROUND(D27*H27,2) -> 0 | J27: =I27/$I$41 -> #DIV/0!
A29: 4.0 | B29: GUARDA CORPO PLANO EM AÇO INOX | C29: SUB-TOTAL | F29: =ROUND(D31*F31,2) -> 0 | G29: =ROUND(D31*G31,2) -> 0 | H29: =ROUND(D31*H31,2) -> 0 | I29: =F29+G29+H29 -> 0 | J29: =ROUND(I29/$I$41,6) -> #DIV/0!
F30: =F29/I29 -> #DIV/0! | G30: =G29/I29 -> #DIV/0! | H30: =H29/I29 -> #DIV/0!
A31: 4.1 | B31: FORNECIMENTO POSTO OBRA E INSTALAÇÃO DE GUARDA-CORPO EM AÇO INOXIDÁVEL | C31: M | D31: 30 | E31: =G31+H31+F31 -> 0 | F31: ='5.A'!F182 -> 0 | G31: ='5.A'!F195 -> 0 | H31: ='5.A'!F218 -> 0 | I31: =ROUND(D31*F31,2)+ROUND(D31*G31,2)+ROUND(D31*H31,2) -> 0 | J31: =I31/$I$41 -> #DIV/0!
A33: 5.0 | B33: ESCADA MARINHEIRO EM FIBRA DE VIDRO PULTRUDADA | C33: SUB-TOTAL | F33: =ROUND(D35*F35,2) -> 0 | G33: =ROUND(D35*G35,2) -> 0 | H33: =ROUND(D35*H35,2) -> 0 | I33: =F33+G33+H33 -> 0 | J33: =ROUND(I33/$I$41,6) -> #DIV/0!
F34: =F33/I33 -> #DIV/0! | G34: =G33/I33 -> #DIV/0! | H34: =H33/I33 -> #DIV/0!
A35: 5.1 | B35: =UPPER("Fornecimento e instalação de escada marinheiro com saída tipo piscina, em polímero reforçado com fibra de vidro") -> FORNECIMENTO E INSTALAÇÃO DE ESCADA MARINHEIRO COM SAÍDA TIPO PISCINA, EM POLÍMERO REFORÇADO COM FIBRA DE VIDRO | C35: M | D35: 53 | E35: =G35+H35+F35 -> 0 | F35: ='5.A'!F234 -> 0 | G35: ='5.A'!F247 -> 0 | H35: ='5.A'!F270 -> 0 | I35: =ROUND(D35*F35,2)+ROUND(D35*G35,2)+ROUND(D35*H35,2) -> 0 | J35: =I35/$I$41 -> #DIV/0!
A37: 6.0 | B37: GRADE PISO EM FIBRA DE VIDRO INJETADA | C37: SUB-TOTAL | F37: =ROUND(D39*F39,2) -> 0 | G37: =ROUND(D39*G39,2) -> 0 | H37: =ROUND(D39*H39,2) -> 0 | I37: =F37+G37+H37 -> 0 | J37: =ROUND(I37/$I$41,6) -> #DIV/0!
F38: =F37/I37 -> #DIV/0! | G38: =G37/I37 -> #DIV/0! | H38: =H37/I37 -> #DIV/0!
A39: 6.1 | B39: FORNECIMENTO E INSTALAÇÃO COMPLETA DE QUADRO DE APOIO E GRADE DE PISO EM POLÍMERO REFORÇADO COM FIBRA DE VIDRO | C39: M² | D39: 353.4 | E39: =G39+H39+F39 -> 0 | F39: ='5.A'!F286 -> 0 | G39: ='5.A'!F299 -> 0 | H39: ='5.A'!F322 -> 0 | I39: =ROUND(D39*F39,2)+ROUND(D39*G39,2)+ROUND(D39*H39,2) -> 0 | J39: =I39/$I$41 -> #DIV/0!
A41: TOTAL GERAL | I41: =ROUND(I17+I21+I25+I29+I33+I37,2) -> 0 | J41: =ROUND((J17+J21+J25+J29+J33+J37),6) -> #DIV/0!
A42: TOTAL DE MÃO DE OBRA | I42: =F17+F21+F25+F29+F33+F37 -> 0 | J42: =ROUND(I42/I41,5) -> #DIV/0!
A43: TOTAL DE EQUIPAMENTOS E SERVIÇOS | I43: =G17+G21+G25+G29+G33+G37 -> 0 | J43: =ROUND(I43/I41,5) -> #DIV/0!
A44: TOTAL DE MATERIAIS | I44: =H17+H21+H25+H29+H33+H37 -> 0 | J44: =ROUND(I44/I41,5) -> #DIV/0!
A46: ITEM | B46: DESCRIÇÃO | F46: MO | G46: EQUIP. / SERV. | H46: MAT. | I46: PREÇO | J46: %
F47: R$ | G47: R$ | H47: R$ | I47: TOTAL(R$)
A48: =A17 -> 1.0 | B48: =B17 -> CANTEIRO DE OBRAS | F48: =F17 -> 0 | G48: =G17 -> 0 | H48: =H17 -> 0 | I48: =F48+G48+H48 -> 0 | J48: =ROUND(I48/$I$41,6) -> #DIV/0!
F49: =F22 -> #DIV/0! | G49: =G22 -> #DIV/0! | H49: =H22 -> #DIV/0!
A50: =A21 -> 2.0 | B50: =B21 -> GUARDA CORPO PLANO EM FIBRA DE VIDRO PULTRUDADA | F50: =F21 -> 0 | G50: =G21 -> 0 | H50: =H21 -> 0 | I50: =F50+G50+H50 -> 0 | J50: =ROUND(I50/$I$41,6) -> #DIV/0!
F51: =F22 -> #DIV/0! | G51: =G22 -> #DIV/0! | H51: =H22 -> #DIV/0!
A52: =A25 -> 3.0 | B52: =B25 -> GUARDA CORPO ESCADA EM FIBRA DE VIDRO PULTRUDADA | F52: =F25 -> 0 | G52: =G25 -> 0 | H52: =H25 -> 0 | I52: =F52+G52+H52 -> 0 | J52: =ROUND(I52/$I$41,6) -> #DIV/0!
F53: =F26 -> #DIV/0! | G53: =G26 -> #DIV/0! | H53: =H26 -> #DIV/0!
A54: =A29 -> 4.0 | B54: =B29 -> GUARDA CORPO PLANO EM AÇO INOX | F54: =F29 -> 0 | G54: =G29 -> 0 | H54: =H29 -> 0 | I54: =F54+G54+H54 -> 0 | J54: =ROUND(I54/$I$41,6) -> #DIV/0!
F55: =F30 -> #DIV/0! | G55: =G30 -> #DIV/0! | H55: =H30 -> #DIV/0!
A56: =A33 -> 5.0 | B56: =B33 -> ESCADA MARINHEIRO EM FIBRA DE VIDRO PULTRUDADA | F56: =F33 -> 0 | G56: =G33 -> 0 | H56: =H33 -> 0 | I56: =F56+G56+H56 -> 0 | J56: =ROUND(I56/$I$41,6) -> #DIV/0!
F57: =F34 -> #DIV/0! | G57: =G34 -> #DIV/0! | H57: =H34 -> #DIV/0!
A58: =A37 -> 6.0 | B58: =B37 -> GRADE PISO EM FIBRA DE VIDRO INJETADA | F58: =F37 -> 0 | G58: =G37 -> 0 | H58: =H37 -> 0 | I58: =F58+G58+H58 -> 0 | J58: =ROUND(I58/$I$41,6) -> #DIV/0!
F59: =F38 -> #DIV/0! | G59: =G38 -> #DIV/0! | H59: =H38 -> #DIV/0!
F61: _________________________________________
F62: RESPONSÁVEL TÉCNICO

Sheet 4.A
A1: ='3.A'!A1:J4 -> TIMBRE LICITANTE
A7: ANEXO 4.A - CRONOGRAMA FÍSICO-FINANCEIRO - LICITANTE
A9: ='3.A'!$A$9 -> OBJETO: FORNECIMENTO E INSTALAÇÃO DE GUARDA-CORPOS, ESCADAS MARINHEIROS E GRADES-PISO, EM FIBRA DE VIDRO, NAS ÁREAS DE PROCESSO DA ESTAÇÃO DE TRATAMENTO DE ÁGUA.
D12: MÊS 1 | G12: MÊS 2 | J12: MÊS 3
D13: MÃO OBRA | E13: SERVIÇO | F13: MATERIAL | G13: MÃO OBRA | H13: SERVIÇO | I13: MATERIAL | J13: MÃO OBRA | K13: SERVIÇO | L13: MATERIAL
A14: ='3.A'!$A$17 -> 1.0 | B14: ='3.A'!$B$17 -> CANTEIRO DE OBRAS | C14: ='3.A'!$I$17 -> 0 | D14: =D15+E15+F15 -> #DIV/0! | G14: =G15+H15+I15 -> #DIV/0! | J14: =J15+K15+L15 -> #DIV/0! | M14: =SUM(D15:L15) -> #DIV/0! | P14: MÊS 1 | Q14: MÊS 2 | R14: MÊS 3
D15: =ROUND('3.A'!$F$19*$P$15,2) -> #DIV/0! | E15: =ROUND('3.A'!$G$19*$P$15,2) -> #DIV/0! | F15: =ROUND('3.A'!$H$19*$P$15,2) -> #DIV/0! | G15: =ROUND('3.A'!$F$19*$Q$15,2) -> #DIV/0! | H15: =ROUND('3.A'!$G$19*$Q$15,2) -> #DIV/0! | I15: =ROUND('3.A'!$H$19*$Q$15,2) -> #DIV/0! | J15: ='3.A'!F48-D15-G15 -> #DIV/0! | K15: ='3.A'!G48-E15-H15 -> #DIV/0! | L15: ='3.A'!H48-F15-I15 -> #DIV/0! | P15: =(D17+D20+D23+D26+D29)/($C$17+$C$20+$C$23+$C$26+$C$29) -> #DIV/0! | Q15: =(G17+G20+G23+G26+G29)/($C$17+$C$20+$C$23+$C$26+$C$29) -> #DIV/0! | R15: =(J17+J20+J23+J26+J29)/($C$17+$C$20+$C$23+$C$26+$C$29) -> #DIV/0!
C16: =C14/$C$33 -> #DIV/0! | D16: =D14/$C$14 -> #DIV/0! | G16: =G14/$C$14 -> #DIV/0! | J16: =J14/$C$14 -> #DIV/0! | M16: =M14/C14 -> #DIV/0!
A17: ='3.A'!$A$21 -> 2.0 | B17: ='3.A'!$B$21 -> GUARDA CORPO PLANO EM FIBRA DE VIDRO PULTRUDADA | C17: ='3.A'!$I$21 -> 0 | D17: =D18+E18+F18 -> 0 | G17: =G18+H18+I18 -> 0 | J17: =J18+K18+L18 -> 0 | M17: =SUM(D18:L18) -> 0
D18: =ROUND('3.A'!$F$50*0.3,2) -> 0 | E18: =ROUND('3.A'!$G$50*0.3,2) -> 0 | F18: =ROUND('3.A'!$H$50*0.3,2) -> 0 | G18: =ROUND('3.A'!$F$50*0.4,2) -> 0 | H18: =ROUND('3.A'!$G$50*0.4,2) -> 0 | I18: =ROUND('3.A'!$H$50*0.4,2) -> 0 | J18: =ROUND('3.A'!$F$50-D18-G18,2) -> 0 | K18: =ROUND('3.A'!$G$50-E18-H18,2) -> 0 | L18: =ROUND('3.A'!$H$50-F18-I18,2) -> 0
C19: =C17/$C$33 -> #DIV/0! | D19: =D17/$C$17 -> #DIV/0! | G19: =G17/$C$17 -> #DIV/0! | J19: =J17/$C$17 -> #DIV/0! | M19: =M17/C17 -> #DIV/0!
A20: ='3.A'!$A$25 -> 3.0 | B20: ='3.A'!$B$25 -> GUARDA CORPO ESCADA EM FIBRA DE VIDRO PULTRUDADA | C20: ='3.A'!$I$25 -> 0 | D20: =D21+E21+F21 -> 0 | G20: =G21+H21+I21 -> 0 | J20: =J21+K21+L21 -> 0 | M20: =SUM(D21:L21) -> 0
D21: =ROUND('3.A'!$F$52*0.3,2) -> 0 | E21: =ROUND('3.A'!$G$52*0.3,2) -> 0 | F21: =ROUND('3.A'!$H$52*0.3,2) -> 0 | G21: =ROUND('3.A'!$F$52*0.4,2) -> 0 | H21: =ROUND('3.A'!$G$52*0.4,2) -> 0 | I21: =ROUND('3.A'!$H$52*0.4,2) -> 0 | J21: =ROUND('3.A'!$F$52-D21-G21,2) -> 0 | K21: =ROUND('3.A'!$G$52-E21-H21,2) -> 0 | L21: =ROUND('3.A'!$H$52-F21-I21,2) -> 0
C22: =C20/$C$33 -> #DIV/0! | D22: =D20/$C$20 -> #DIV/0! | G22: =G20/$C$20 -> #DIV/0! | J22: =J20/$C$20 -> #DIV/0! | M22: =M20/C20 -> #DIV/0!
A23: ='3.A'!$A$29 -> 4.0 | B23: ='3.A'!$B$29 -> GUARDA CORPO PLANO EM AÇO INOX | C23: ='3.A'!$I$29 -> 0 | D23: =D24+E24+F24 -> 0 | G23: =G24+H24+I24 -> 0 | J23: =J24+K24+L24 -> 0 | M23: =SUM(D24:L24) -> 0
D24: =ROUND('3.A'!$F$54*0.3,2) -> 0 | E24: =ROUND('3.A'!$G$54*0.3,2) -> 0 | F24: =ROUND('3.A'!$H$54*0.3,2) -> 0 | G24: =ROUND('3.A'!$F$54*0.4,2) -> 0 | H24: =ROUND('3.A'!$G$54*0.4,2) -> 0 | I24: =ROUND('3.A'!$H$54*0.4,2) -> 0 | J24: =ROUND('3.A'!$F$54-D24-G24,2) -> 0 | K24: =ROUND('3.A'!$G$54-E24-H24,2) -> 0 | L24: =ROUND('3.A'!$H$54-F24-I24,2) -> 0
C25: =C23/$C$33 -> #DIV/0! | D25: =D23/$C$23 -> #DIV/0! | G25: =G23/$C$23 -> #DIV/0! | J25: =J23/$C$23 -> #DIV/0! | M25: =M23/C23 -> #DIV/0!
A26: ='3.A'!$A$33 -> 5.0 | B26: ='3.A'!$B$33 -> ESCADA MARINHEIRO EM FIBRA DE VIDRO PULTRUDADA | C26: ='3.A'!$I$33 -> 0 | D26: =D27+E27+F27 -> 0 | G26: =G27+H27+I27 -> 0 | J26: =J27+K27+L27 -> 0 | M26: =SUM(D27:L27) -> 0
D27: =ROUND('3.A'!$F$56*0.3,2) -> 0 | E27: =ROUND('3.A'!$G$56*0.3,2) -> 0 | F27: =ROUND('3.A'!$H$56*0.3,2) -> 0 | G27: =ROUND('3.A'!$F$56*0.4,2) -> 0 | H27: =ROUND('3.A'!$G$56*0.4,2) -> 0 | I27: =ROUND('3.A'!$H$56*0.4,2) -> 0 | J27: =ROUND('3.A'!$F$56-D27-G27,2) -> 0 | K27: =ROUND('3.A'!$G$56-E27-H27,2) -> 0 | L27: =ROUND('3.A'!$H$56-F27-I27,2) -> 0
C28: =C26/$C$33 -> #DIV/0! | D28: =D26/$C$26 -> #DIV/0! | G28: =G26/$C$26 -> #DIV/0! | J28: =J26/$C$26 -> #DIV/0! | M28: =M26/C26 -> #DIV/0!
A29: ='3.A'!$A$37 -> 6.0 | B29: ='3.A'!$B$37 -> GRADE PISO EM FIBRA DE VIDRO INJETADA | C29: ='3.A'!$I$37 -> 0 | D29: =D30+E30+F30 -> 0 | G29: =G30+H30+I30 -> 0 | J29: =J30+K30+L30 -> 0 | M29: =SUM(D30:L30) -> 0
D30: =ROUND('3.A'!$F$58*0.3,2) -> 0 | E30: =ROUND('3.A'!$G$58*0.3,2) -> 0 | F30: =ROUND('3.A'!$H$58*0.3,2) -> 0 | G30: =ROUND('3.A'!$F$58*0.4,2) -> 0 | H30: =ROUND('3.A'!$G$58*0.4,2) -> 0 | I30: =ROUND('3.A'!$H$58*0.4,2) -> 0 | J30: =ROUND('3.A'!$F$58-D30-G30,2) -> 0 | K30: =ROUND('3.A'!$G$58-E30-H30,2) -> 0 | L30: =ROUND('3.A'!$H$58-F30-I30,2) -> 0
C31: =C29/$C$33 -> #DIV/0! | D31: =D29/$C$29 -> #DIV/0! | G31: =G29/$C$29 -> #DIV/0! | J31: =J29/$C$29 -> #DIV/0! | M31: =M29/C29 -> #DIV/0!
B33: MEDIÇÃO MENSAL | C33: =ROUND(C14+C17+C20+C23+C26+C29,2) -> 0 | D33: =D34+E34+F34 -> #DIV/0! | G33: =ROUND(G34+H34+I34,2) -> #DIV/0! | J33: =ROUND(J34+K34+L34,2) -> #DIV/0! | M33: =ROUND(M14+M17+M20+M23+M26+M29,2) -> #DIV/0!
D34: =D15+D18+D21+D24+D27+D30 -> #DIV/0! | E34: =E15+E18+E21+E24+E27+E30 -> #DIV/0! | F34: =F15+F18+F21+F24+F27+F30 -> #DIV/0! | G34: =G15+G18+G21+G24+G27+G30 -> #DIV/0! | H34: =H15+H18+H21+H24+H27+H30 -> #DIV/0! | I34: =I15+I18+I21+I24+I27+I30 -> #DIV/0! | J34: =J15+J18+J21+J24+J27+J30 -> #DIV/0! | K34: =K15+K18+K21+K24+K27+K30 -> #DIV/0! | L34: =L15+L18+L21+L24+L27+L30 -> #DIV/0!
C35: =C16+C19+C22+C25+C28+C31 -> #DIV/0! | D35: =ROUND(D33/$C$33,6) -> #DIV/0! | G35: =ROUND(G33/$C$33,6) -> #DIV/0! | J35: =ROUND(J33/$C$33,6) -> #DIV/0! | M35: =ROUND(D35+J35+G35,6) -> #DIV/0!
B37: MEDIÇÕES MENSAIS ACUMULADAS | C37: R$ | D37: =D33 -> #DIV/0! | G37: =D37+G33 -> #DIV/0! | J37: =G37+J33 -> #DIV/0!
B38: MEDIÇÕES MENSAIS ACUMULADAS | C38: R$ | D38: =D34 -> #DIV/0! | E38: =E34 -> #DIV/0! | F38: =F34 -> #DIV/0! | G38: =D38+G34 -> #DIV/0! | H38: =E38+H34 -> #DIV/0! | I38: =F38+I34 -> #DIV/0! | J38: =G38+J34 -> #DIV/0! | K38: =H38+K34 -> #DIV/0! | L38: =I38+L34 -> #DIV/0!
B39: SALDO CONTRATUAL | C39: R$ | D39: =ROUND($C$33-D37,2) -> #DIV/0! | G39: =ROUND($C$33-G37,2) -> #DIV/0! | J39: =ROUND($C$33-J37,2) -> #DIV/0!
B40: SALDO CONTRATUAL | C40: R$ | D40: =ROUND('3.A'!$I$42-'4.A'!D38,2) -> #DIV/0! | E40: =ROUND('3.A'!$I$43-'4.A'!E38,2) -> #DIV/0! | F40: =ROUND('3.A'!$I$44-'4.A'!F38,2) -> #DIV/0! | G40: =ROUND('3.A'!$I$42-'4.A'!G38,2) -> #DIV/0! | H40: =ROUND('3.A'!$I$43-'4.A'!H38,2) -> #DIV/0! | I40: =ROUND('3.A'!$I$44-'4.A'!I38,2) -> #DIV/0! | J40: =ROUND('3.A'!$I$42-'4.A'!J38,2) -> #DIV/0! | K40: =ROUND('3.A'!$I$43-'4.A'!K38,2) -> #DIV/0! | L40: =ROUND('3.A'!$I$44-'4.A'!L38,2) -> #DIV/0!
E46: =IF(D37=D38+E38+F38,"si","no") -> #DIV/0! | H46: =IF(G37=G38+H38+I38,"si","no") -> #DIV/0! | K46: =IF(J37=J38+K38+L38,"si","no") -> #DIV/0!
E47: =IF(D39=D40+E40+F40,"si","no") -> #DIV/0! | H47: =IF(G39=G40+H40+I40,"si","no") -> #DIV/0! | K47: =IF(J39=J40+K40+L40,"si","no") -> #DIV/0!
E48: =IF(D37+D39=$C$33,"si","no") -> #DIV/0! | H48: =IF(G37+G39=$C$33,"si","no") -> #DIV/0! | K48: =IF(J37+J39=$C$33,"si","no") -> #DIV/0!

Sheet 5.A
A1: ='3.A'!A1:J4 -> TIMBRE LICITANTE
A7: ='3.A'!$A$9 -> OBJETO: FORNECIMENTO E INSTALAÇÃO DE GUARDA-CORPOS, ESCADAS MARINHEIROS E GRADES-PISO, EM FIBRA DE VIDRO, NAS ÁREAS DE PROCESSO DA ESTAÇÃO DE TRATAMENTO DE ÁGUA.
A8: ='3.A'!$B$10 -> LEIS SOCIAIS HORISTA - JORNADA NORMAL | C8: ='8.A'!$C$49 -> 0 | D8: DATA DA ELABORAÇÃO | F8: ='3.A'!J10 -> 45488
A9: ='3.A'!$B$11 -> BDI - M.O / SERV. / MAT. COMUNS | C9: ='7.A'!$E$31 -> 0
A10: ANEXO 5.A - COMPOSIÇÕES UNITÁRIAS DE SERVIÇOS - LICITANTE
A12: ='3.A'!A19 -> 1.1 | B12: ='3.A'!B19 -> OPERAÇÃO DO CANTEIRO DE OBRAS | C12: UNIDADE: | E12: ='3.A'!C19 -> GB | F12: =ROUND(F26+F39+F62,2) -> 0 | G12: =VLOOKUP(A12,'3.A'!$A$1:$I$195,4,FALSE) -> 1 | H12: =SUM(F14:F25) -> 0 | I12: =SUM(F28:F38) -> 0 | J12: =SUM(F41:F61) -> 0 | K12: =SUM(H12:J12) -> 0 | L12: =IF(K12=F12,"SIM","NÃO") -> SIM | M12: =ROUND(SUM(F14:F23)*C24,2)+ROUND(SUM(F14:F24)*C25,2)+ROUND(SUM(F14:F23),2)+ROUND(SUM(F28:F37)*C38,2)+ROUND(SUM(F28:F37),2)+ROUND(SUM(F41:F60)*C61,2)+ROUND(SUM(F41:F60),2) -> 0 | N12: =IF(M12=F12,"SIM","NÃO") -> SIM | O12: =VLOOKUP(A12,'3.A'!$A$9:$E$195,3,FALSE) -> GB | P12: =IF(O12=E12,"SIM","NÃO") -> SIM | Q12: =ROUND(G12*F26,2)+ROUND(G12*F39,2)+ROUND(G12*F62,2) -> 0 | R12: =VLOOKUP(A12,'3.A'!$A$18:$L$195,9,FALSE) -> 0 | S12: =IF(Q12=R12,"si","no") -> si | T12: =SUM(L14:L23)+SUM(L28:L37)+SUM(L41:L60) -> 663 | U12: =G12*C20+G12*C22+G12*C16+G12*C15+G12*C17+G12*C21+G12*C19+G12*C18+G12*C14+G12*C23+G12*C34+G12*C28+G12*C36+G12*C35+G12*C33+G12*C30+G12*C29+G12*C31+G12*C37+G12*C32+G12*C41+G12*C42+G12*C43+G12*C51+G12*C52+G12*C53+G12*C54+G12*C55+G12*C56+G12*C57+G12*C58+G12*C59+G12*C60+G12*C49+G12*C50+G12*C44+G12*C45+G12*C46+G12*C47+G12*C48 -> 663 | V12: =IF(T12=U12,"si","no") -> si
A13: 1.0 | B13: MÃO DE OBRA | C13: COEF. | D13: UNID. | E13: CUSTO UNIT. (R$) | F13: TOTAL (R$)
A14: ='6.A'!A12 -> 90776 | B14: ='6.A'!B12 -> ENCARREGADO GERAL COM ENCARGOS COMPLEMENTARES | C14: =220*3 -> 660 | D14: ='6.A'!D12 -> H | E14: ='6.A'!E12 -> 0 | F14: =ROUND(C14*E14,2) -> 0 | H14: =IF(A14="","",VLOOKUP(A14,'6.A'!$A$11:$E$8163,5,FALSE)) -> 0 | I14: =IF(H14="","",IF(E14=H14,"SIM","NÃO")) -> SIM | J14: =IF(H14="","",VLOOKUP(A14,'6.A'!$A$11:$E$743,4,FALSE)) -> H | K14: =IF(H14="","",IF(J14=D14,"SIM","NÃO")) -> SIM | L14: =IF(H14="","",IF(C14="","",G12*C14)) -> 660 | M14: =IF(A14="","",VLOOKUP(A14,'6.A'!$A$11:$C$743,2,FALSE)) -> ENCARREGADO GERAL COM ENCARGOS COMPLEMENTARES | N14: =IF(A14="","",IF(M14=B14,"si","no")) -> si
F15: =ROUND(C15*E15,2) -> 0 | H15: =IF(A15="","",VLOOKUP(A15,'6.A'!$A$11:$E$8163,5,FALSE)) | I15: =IF(H15="","",IF(E15=H15,"SIM","NÃO")) | J15: =IF(H15="","",VLOOKUP(A15,'6.A'!$A$11:$E$743,4,FALSE)) | K15: =IF(H15="","",IF(J15=D15,"SIM","NÃO")) | L15: =IF(H15="","",IF(C15="","",G12*C15)) | M15: =IF(A15="","",VLOOKUP(A15,'6.A'!$A$11:$C$743,2,FALSE)) | N15: =IF(A15="","",IF(M15=B15,"si","no"))
F16: =ROUND(C16*E16,2) -> 0 | H16: =IF(A16="","",VLOOKUP(A16,'6.A'!$A$11:$E$8163,5,FALSE)) | I16: =IF(H16="","",IF(E16=H16,"SIM","NÃO")) | J16: =IF(H16="","",VLOOKUP(A16,'6.A'!$A$11:$E$743,4,FALSE)) | K16: =IF(H16="","",IF(J16=D16,"SIM","NÃO")) | L16: =IF(H16="","",IF(C16="","",G12*C16)) | M16: =IF(A16="","",VLOOKUP(A16,'6.A'!$A$11:$C$743,2,FALSE)) | N16: =IF(A16="","",IF(M16=B16,"si","no"))
F17: =ROUND(C17*E17,2) -> 0 | H17: =IF(A17="","",VLOOKUP(A17,'6.A'!$A$11:$E$8163,5,FALSE)) | I17: =IF(H17="","",IF(E17=H17,"SIM","NÃO")) | J17: =IF(H17="","",VLOOKUP(A17,'6.A'!$A$11:$E$743,4,FALSE)) | K17: =IF(H17="","",IF(J17=D17,"SIM","NÃO")) | L17: =IF(H17="","",IF(C17="","",G12*C17)) | M17: =IF(A17="","",VLOOKUP(A17,'6.A'!$A$11:$C$743,2,FALSE)) | N17: =IF(A17="","",IF(M17=B17,"si","no"))
F18: =ROUND(C18*E18,2) -> 0 | H18: =IF(A18="","",VLOOKUP(A18,'6.A'!$A$11:$E$8163,5,FALSE)) | I18: =IF(H18="","",IF(E18=H18,"SIM","NÃO")) | J18: =IF(H18="","",VLOOKUP(A18,'6.A'!$A$11:$E$743,4,FALSE)) | K18: =IF(H18="","",IF(J18=D18,"SIM","NÃO")) | L18: =IF(H18="","",IF(C18="","",G12*C18)) | M18: =IF(A18="","",VLOOKUP(A18,'6.A'!$A$11:$C$743,2,FALSE)) | N18: =IF(A18="","",IF(M18=B18,"si","no"))
F19: =ROUND(C19*E19,2) -> 0 | H19: =IF(A19="","",VLOOKUP(A19,'6.A'!$A$11:$E$8163,5,FALSE)) | I19: =IF(H19="","",IF(E19=H19,"SIM","NÃO")) | J19: =IF(H19="","",VLOOKUP(A19,'6.A'!$A$11:$E$743,4,FALSE)) | K19: =IF(H19="","",IF(J19=D19,"SIM","NÃO")) | L19: =IF(H19="","",IF(C19="","",G12*C19)) | M19: =IF(A19="","",VLOOKUP(A19,'6.A'!$A$11:$C$743,2,FALSE)) | N19: =IF(A19="","",IF(M19=B19,"si","no"))
F20: =ROUND(C20*E20,2) -> 0 | H20: =IF(A20="","",VLOOKUP(A20,'6.A'!$A$11:$E$8163,5,FALSE)) | I20: =IF(H20="","",IF(E20=H20,"SIM","NÃO")) | J20: =IF(H20="","",VLOOKUP(A20,'6.A'!$A$11:$E$743,4,FALSE)) | K20: =IF(H20="","",IF(J20=D20,"SIM","NÃO")) | L20: =IF(H20="","",IF(C20="","",G12*C20)) | M20: =IF(A20="","",VLOOKUP(A20,'6.A'!$A$11:$C$743,2,FALSE)) | N20: =IF(A20="","",IF(M20=B20,"si","no"))
F21: =ROUND(C21*E21,2) -> 0 | H21: =IF(A21="","",VLOOKUP(A21,'6.A'!$A$11:$E$8163,5,FALSE)) | I21: =IF(H21="","",IF(E21=H21,"SIM","NÃO")) | J21: =IF(H21="","",VLOOKUP(A21,'6.A'!$A$11:$E$743,4,FALSE)) | K21: =IF(H21="","",IF(J21=D21,"SIM","NÃO")) | L21: =IF(H21="","",IF(C21="","",G12*C21)) | M21: =IF(A21="","",VLOOKUP(A21,'6.A'!$A$11:$C$743,2,FALSE)) | N21: =IF(A21="","",IF(M21=B21,"si","no"))
F22: =ROUND(C22*E22,2) -> 0 | H22: =IF(A22="","",VLOOKUP(A22,'6.A'!$A$11:$E$8163,5,FALSE)) | I22: =IF(H22="","",IF(E22=H22,"SIM","NÃO")) | J22: =IF(H22="","",VLOOKUP(A22,'6.A'!$A$11:$E$743,4,FALSE)) | K22: =IF(H22="","",IF(J22=D22,"SIM","NÃO")) | L22: =IF(H22="","",IF(C22="","",G12*C22)) | M22: =IF(A22="","",VLOOKUP(A22,'6.A'!$A$11:$C$743,2,FALSE)) | N22: =IF(A22="","",IF(M22=B22,"si","no"))
F23: =ROUND(C23*E23,2) -> 0 | H23: =IF(A23="","",VLOOKUP(A23,'6.A'!$A$11:$E$8163,5,FALSE)) | I23: =IF(H23="","",IF(E23=H23,"SIM","NÃO")) | J23: =IF(H23="","",VLOOKUP(A23,'6.A'!$A$11:$E$743,4,FALSE)) | K23: =IF(H23="","",IF(J23=D23,"SIM","NÃO")) | L23: =IF(H23="","",IF(C23="","",G12*C23)) | M23: =IF(A23="","",VLOOKUP(A23,'6.A'!$A$11:$C$743,2,FALSE)) | N23: =IF(A23="","",IF(M23=B23,"si","no"))
B24: =$A$8 -> LEIS SOCIAIS HORISTA - JORNADA NORMAL | C24: =$C$8 -> 0 | F24: =ROUND(SUM(F14:F23)*C24,2) -> 0
B25: =$A$9 -> BDI - M.O / SERV. / MAT. COMUNS | C25: =$C$9 -> 0 | F25: =ROUND(SUM(F14:F24)*C25,2) -> 0
B26: TOTAL DE MÃO DE OBRA | F26: =ROUND(SUM(F14:F25),2) -> 0
A27: 2.0 | B27: EQUIPAMENTOS E SERVIÇOS | C27: COEF. | D27: UNID. | E27: CUSTO UNIT. (R$) | F27: TOTAL (R$)
A28: ='6.A'!A20 -> 10775 | B28: ='6.A'!B20 -> CONTAINER 2,30 X 6,00 M, ALT. 2,50 M, COM 1 SANITARIO, PARA ESCRITORIO, COMPLETO | C28: 3 | D28: ='6.A'!D20 -> MÊS | E28: ='6.A'!E20 -> 0 | F28: =ROUND(C28*E28,2) -> 0 | H28: =IF(A28="","",VLOOKUP(A28,'6.A'!$A$11:$E$8163,5,FALSE)) -> 0 | I28: =IF(H28="","",IF(E28=H28,"SIM","NÃO")) -> SIM | J28: =IF(H28="","",VLOOKUP(A28,'6.A'!$A$11:$E$743,4,FALSE)) -> MÊS | K28: =IF(H28="","",IF(J28=D28,"SIM","NÃO")) -> SIM | L28: =IF(H28="","",IF(C28="","",G12*C28)) -> 3 | M28: =IF(A28="","",VLOOKUP(A28,'6.A'!$A$11:$C$743,2,FALSE)) -> CONTAINER 2,30 X 6,00 M, ALT. 2,50 M, COM 1 SANITARIO, PARA ESCRITORIO, COMPLETO | N28: =IF(A28="","",IF(M28=B28,"si","no")) -> si
F29: =ROUND(C29*E29,2) -> 0 | H29: =IF(A29="","",VLOOKUP(A29,'6.A'!$A$11:$E$8163,5,FALSE)) | I29: =IF(H29="","",IF(E29=H29,"SIM","NÃO")) | J29: =IF(H29="","",VLOOKUP(A29,'6.A'!$A$11:$E$743,4,FALSE)) | K29: =IF(H29="","",IF(J29=D29,"SIM","NÃO")) | L29: =IF(H29="","",IF(C29="","",G12*C29)) | M29: =IF(A29="","",VLOOKUP(A29,'6.A'!$A$11:$C$743,2,FALSE)) | N29: =IF(A29="","",IF(M29=B29,"si","no"))
F30: =ROUND(C30*E30,2) -> 0 | H30: =IF(A30="","",VLOOKUP(A30,'6.A'!$A$11:$E$8163,5,FALSE)) | I30: =IF(H30="","",IF(E30=H30,"SIM","NÃO")) | J30: =IF(H30="","",VLOOKUP(A30,'6.A'!$A$11:$E$743,4,FALSE)) | K30: =IF(H30="","",IF(J30=D30,"SIM","NÃO")) | L30: =IF(H30="","",IF(C30="","",G12*C30)) | M30: =IF(A30="","",VLOOKUP(A30,'6.A'!$A$11:$C$743,2,FALSE)) | N30: =IF(A30="","",IF(M30=B30,"si","no"))
F31: =ROUND(C31*E31,2) -> 0 | H31: =IF(A31="","",VLOOKUP(A31,'6.A'!$A$11:$E$8163,5,FALSE)) | I31: =IF(H31="","",IF(E31=H31,"SIM","NÃO")) | J31: =IF(H31="","",VLOOKUP(A31,'6.A'!$A$11:$E$743,4,FALSE)) | K31: =IF(H31="","",IF(J31=D31,"SIM","NÃO")) | L31: =IF(H31="","",IF(C31="","",G12*C31)) | M31: =IF(A31="","",VLOOKUP(A31,'6.A'!$A$11:$C$743,2,FALSE)) | N31: =IF(A31="","",IF(M31=B31,"si","no"))
F32: =ROUND(C32*E32,2) -> 0 | H32: =IF(A32="","",VLOOKUP(A32,'6.A'!$A$11:$E$8163,5,FALSE)) | I32: =IF(H32="","",IF(E32=H32,"SIM","NÃO")) | J32: =IF(H32="","",VLOOKUP(A32,'6.A'!$A$11:$E$743,4,FALSE)) | K32: =IF(H32="","",IF(J32=D32,"SIM","NÃO")) | L32: =IF(H32="","",IF(C32="","",G12*C32)) | M32: =IF(A32="","",VLOOKUP(A32,'6.A'!$A$11:$C$743,2,FALSE)) | N32: =IF(A32="","",IF(M32=B32,"si","no"))
F33: =ROUND(C33*E33,2) -> 0 | H33: =IF(A33="","",VLOOKUP(A33,'6.A'!$A$11:$E$8163,5,FALSE)) | I33: =IF(H33="","",IF(E33=H33,"SIM","NÃO")) | J33: =IF(H33="","",VLOOKUP(A33,'6.A'!$A$11:$E$743,4,FALSE)) | K33: =IF(H33="","",IF(J33=D33,"SIM","NÃO")) | L33: =IF(H33="","",IF(C33="","",G12*C33)) | M33: =IF(A33="","",VLOOKUP(A33,'6.A'!$A$11:$C$743,2,FALSE)) | N33: =IF(A33="","",IF(M33=B33,"si","no"))
F34: =ROUND(C34*E34,2) -> 0 | H34: =IF(A34="","",VLOOKUP(A34,'6.A'!$A$11:$E$8163,5,FALSE)) | I34: =IF(H34="","",IF(E34=H34,"SIM","NÃO")) | J34: =IF(H34="","",VLOOKUP(A34,'6.A'!$A$11:$E$743,4,FALSE)) | K34: =IF(H34="","",IF(J34=D34,"SIM","NÃO")) | L34: =IF(H34="","",IF(C34="","",G12*C34)) | M34: =IF(A34="","",VLOOKUP(A34,'6.A'!$A$11:$C$743,2,FALSE)) | N34: =IF(A34="","",IF(M34=B34,"si","no"))
F35: =ROUND(C35*E35,2) -> 0 | H35: =IF(A35="","",VLOOKUP(A35,'6.A'!$A$11:$E$8163,5,FALSE)) | I35: =IF(H35="","",IF(E35=H35,"SIM","NÃO")) | J35: =IF(H35="","",VLOOKUP(A35,'6.A'!$A$11:$E$743,4,FALSE)) | K35: =IF(H35="","",IF(J35=D35,"SIM","NÃO")) | L35: =IF(H35="","",IF(C35="","",G12*C35)) | M35: =IF(A35="","",VLOOKUP(A35,'6.A'!$A$11:$C$743,2,FALSE)) | N35: =IF(A35="","",IF(M35=B35,"si","no"))
F36: =ROUND(C36*E36,2) -> 0 | H36: =IF(A36="","",VLOOKUP(A36,'6.A'!$A$11:$E$8163,5,FALSE)) | I36: =IF(H36="","",IF(E36=H36,"SIM","NÃO")) | J36: =IF(H36="","",VLOOKUP(A36,'6.A'!$A$11:$E$743,4,FALSE)) | K36: =IF(H36="","",IF(J36=D36,"SIM","NÃO")) | L36: =IF(H36="","",IF(C36="","",G12*C36)) | M36: =IF(A36="","",VLOOKUP(A36,'6.A'!$A$11:$C$743,2,FALSE)) | N36: =IF(A36="","",IF(M36=B36,"si","no"))
F37: =ROUND(C37*E37,2) -> 0 | H37: =IF(A37="","",VLOOKUP(A37,'6.A'!$A$11:$E$8163,5,FALSE)) | I37: =IF(H37="","",IF(E37=H37,"SIM","NÃO")) | J37: =IF(H37="","",VLOOKUP(A37,'6.A'!$A$11:$E$743,4,FALSE)) | K37: =IF(H37="","",IF(J37=D37,"SIM","NÃO")) | L37: =IF(H37="","",IF(C37="","",G12*C37)) | M37: =IF(A37="","",VLOOKUP(A37,'6.A'!$A$11:$C$743,2,FALSE)) | N37: =IF(A37="","",IF(M37=B37,"si","no"))
B38: =$A$9 -> BDI - M.O / SERV. / MAT. COMUNS | C38: =$C$9 -> 0 | F38: =ROUND(SUM(F28:F37)*C38,2) -> 0
B39: TOTAL DE EQUIPAMENTOS E SERVIÇOS | F39: =ROUND(SUM(F28:F38),2) -> 0
A40: 3.0 | B40: MATERIAIS | C40: COEF. | D40: UNID. | E40: CUSTO UNIT. (R$) | F40: TOTAL (R$)
F41: =ROUND(C41*E41,2) -> 0 | H41: =IF(A41="","",VLOOKUP(A41,'6.A'!$A$11:$E$8163,5,FALSE)) | I41: =IF(H41="","",IF(E41=H41,"SIM","NÃO")) | J41: =IF(H41="","",VLOOKUP(A41,'6.A'!$A$11:$E$743,4,FALSE)) | K41: =IF(H41="","",IF(J41=D41,"SIM","NÃO")) | L41: =IF(H41="","",IF(C41="","",G12*C41)) | M41: =IF(A41="","",VLOOKUP(A41,'6.A'!$A$11:$C$743,2,FALSE)) | N41: =IF(A41="","",IF(M41=B41,"si","no"))
F42: =ROUND(C42*E42,2) -> 0 | H42: =IF(A42="","",VLOOKUP(A42,'6.A'!$A$11:$E$8163,5,FALSE)) | I42: =IF(H42="","",IF(E42=H42,"SIM","NÃO")) | J42: =IF(H42="","",VLOOKUP(A42,'6.A'!$A$11:$E$743,4,FALSE)) | K42: =IF(H42="","",IF(J42=D42,"SIM","NÃO")) | L42: =IF(H42="","",IF(C42="","",G12*C42)) | M42: =IF(A42="","",VLOOKUP(A42,'6.A'!$A$11:$C$743,2,FALSE)) | N42: =IF(A42="","",IF(M42=B42,"si","no"))
F43: =ROUND(C43*E43,2) -> 0 | H43: =IF(A43="","",VLOOKUP(A43,'6.A'!$A$11:$E$8163,5,FALSE)) | I43: =IF(H43="","",IF(E43=H43,"SIM","NÃO")) | J43: =IF(H43="","",VLOOKUP(A43,'6.A'!$A$11:$E$743,4,FALSE)) | K43: =IF(H43="","",IF(J43=D43,"SIM","NÃO")) | L43: =IF(H43="","",IF(C43="","",G12*C43)) | M43: =IF(A43="","",VLOOKUP(A43,'6.A'!$A$11:$C$743,2,FALSE)) | N43: =IF(A43="","",IF(M43=B43,"si","no"))
F44: =ROUND(C44*E44,2) -> 0 | H44: =IF(A44="","",VLOOKUP(A44,'6.A'!$A$11:$E$8163,5,FALSE)) | I44: =IF(H44="","",IF(E44=H44,"SIM","NÃO")) | J44: =IF(H44="","",VLOOKUP(A44,'6.A'!$A$11:$E$743,4,FALSE)) | K44: =IF(H44="","",IF(J44=D44,"SIM","NÃO")) | L44: =IF(H44="","",IF(C44="","",G12*C44)) | M44: =IF(A44="","",VLOOKUP(A44,'6.A'!$A$11:$C$743,2,FALSE)) | N44: =IF(A44="","",IF(M44=B44,"si","no"))
F45: =ROUND(C45*E45,2) -> 0 | H45: =IF(A45="","",VLOOKUP(A45,'6.A'!$A$11:$E$8163,5,FALSE)) | I45: =IF(H45="","",IF(E45=H45,"SIM","NÃO")) | J45: =IF(H45="","",VLOOKUP(A45,'6.A'!$A$11:$E$743,4,FALSE)) | K45: =IF(H45="","",IF(J45=D45,"SIM","NÃO")) | L45: =IF(H45="","",IF(C45="","",G12*C45)) | M45: =IF(A45="","",VLOOKUP(A45,'6.A'!$A$11:$C$743,2,FALSE)) | N45: =IF(A45="","",IF(M45=B45,"si","no"))
F46: =ROUND(C46*E46,2) -> 0 | H46: =IF(A46="","",VLOOKUP(A46,'6.A'!$A$11:$E$8163,5,FALSE)) | I46: =IF(H46="","",IF(E46=H46,"SIM","NÃO")) | J46: =IF(H46="","",VLOOKUP(A46,'6.A'!$A$11:$E$743,4,FALSE)) | K46: =IF(H46="","",IF(J46=D46,"SIM","NÃO")) | L46: =IF(H46="","",IF(C46="","",G12*C46)) | M46: =IF(A46="","",VLOOKUP(A46,'6.A'!$A$11:$C$743,2,FALSE)) | N46: =IF(A46="","",IF(M46=B46,"si","no"))
F47: =ROUND(C47*E47,2) -> 0 | H47: =IF(A47="","",VLOOKUP(A47,'6.A'!$A$11:$E$8163,5,FALSE)) | I47: =IF(H47="","",IF(E47=H47,"SIM","NÃO")) | J47: =IF(H47="","",VLOOKUP(A47,'6.A'!$A$11:$E$743,4,FALSE)) | K47: =IF(H47="","",IF(J47=D47,"SIM","NÃO")) | L47: =IF(H47="","",IF(C47="","",G12*C47)) | M47: =IF(A47="","",VLOOKUP(A47,'6.A'!$A$11:$C$743,2,FALSE)) | N47: =IF(A47="","",IF(M47=B47,"si","no"))
F48: =ROUND(C48*E48,2) -> 0 | H48: =IF(A48="","",VLOOKUP(A48,'6.A'!$A$11:$E$8163,5,FALSE)) | I48: =IF(H48="","",IF(E48=H48,"SIM","NÃO")) | J48: =IF(H48="","",VLOOKUP(A48,'6.A'!$A$11:$E$743,4,FALSE)) | K48: =IF(H48="","",IF(J48=D48,"SIM","NÃO")) | L48: =IF(H48="","",IF(C48="","",G12*C48)) | M48: =IF(A48="","",VLOOKUP(A48,'6.A'!$A$11:$C$743,2,FALSE)) | N48: =IF(A48="","",IF(M48=B48,"si","no"))
F49: =ROUND(C49*E49,2) -> 0 | H49: =IF(A49="","",VLOOKUP(A49,'6.A'!$A$11:$E$8163,5,FALSE)) | I49: =IF(H49="","",IF(E49=H49,"SIM","NÃO")) | J49: =IF(H49="","",VLOOKUP(A49,'6.A'!$A$11:$E$743,4,FALSE)) | K49: =IF(H49="","",IF(J49=D49,"SIM","NÃO")) | L49: =IF(H49="","",IF(C49="","",G12*C49)) | M49: =IF(A49="","",VLOOKUP(A49,'6.A'!$A$11:$C$743,2,FALSE)) | N49: =IF(A49="","",IF(M49=B49,"si","no"))
F50: =ROUND(C50*E50,2) -> 0 | H50: =IF(A50="","",VLOOKUP(A50,'6.A'!$A$11:$E$8163,5,FALSE)) | I50: =IF(H50="","",IF(E50=H50,"SIM","NÃO")) | J50: =IF(H50="","",VLOOKUP(A50,'6.A'!$A$11:$E$743,4,FALSE)) | K50: =IF(H50="","",IF(J50=D50,"SIM","NÃO")) | L50: =IF(H50="","",IF(C50="","",G12*C50)) | M50: =IF(A50="","",VLOOKUP(A50,'6.A'!$A$11:$C$743,2,FALSE)) | N50: =IF(A50="","",IF(M50=B50,"si","no"))
F51: =ROUND(C51*E51,2) -> 0 | H51: =IF(A51="","",VLOOKUP(A51,'6.A'!$A$11:$E$8163,5,FALSE)) | I51: =IF(H51="","",IF(E51=H51,"SIM","NÃO")) | J51: =IF(H51="","",VLOOKUP(A51,'6.A'!$A$11:$E$743,4,FALSE)) | K51: =IF(H51="","",IF(J51=D51,"SIM","NÃO")) | L51: =IF(H51="","",IF(C51="","",G12*C51)) | M51: =IF(A51="","",VLOOKUP(A51,'6.A'!$A$11:$C$743,2,FALSE)) | N51: =IF(A51="","",IF(M51=B51,"si","no"))
F52: =ROUND(C52*E52,2) -> 0 | H52: =IF(A52="","",VLOOKUP(A52,'6.A'!$A$11:$E$8163,5,FALSE)) | I52: =IF(H52="","",IF(E52=H52,"SIM","NÃO")) | J52: =IF(H52="","",VLOOKUP(A52,'6.A'!$A$11:$E$743,4,FALSE)) | K52: =IF(H52="","",IF(J52=D52,"SIM","NÃO")) | L52: =IF(H52="","",IF(C52="","",G12*C52)) | M52: =IF(A52="","",VLOOKUP(A52,'6.A'!$A$11:$C$743,2,FALSE)) | N52: =IF(A52="","",IF(M52=B52,"si","no"))
F53: =ROUND(C53*E53,2) -> 0 | H53: =IF(A53="","",VLOOKUP(A53,'6.A'!$A$11:$E$8163,5,FALSE)) | I53: =IF(H53="","",IF(E53=H53,"SIM","NÃO")) | J53: =IF(H53="","",VLOOKUP(A53,'6.A'!$A$11:$E$743,4,FALSE)) | K53: =IF(H53="","",IF(J53=D53,"SIM","NÃO")) | L53: =IF(H53="","",IF(C53="","",G12*C53)) | M53: =IF(A53="","",VLOOKUP(A53,'6.A'!$A$11:$C$743,2,FALSE)) | N53: =IF(A53="","",IF(M53=B53,"si","no"))
F54: =ROUND(C54*E54,2) -> 0 | H54: =IF(A54="","",VLOOKUP(A54,'6.A'!$A$11:$E$8163,5,FALSE)) | I54: =IF(H54="","",IF(E54=H54,"SIM","NÃO")) | J54: =IF(H54="","",VLOOKUP(A54,'6.A'!$A$11:$E$743,4,FALSE)) | K54: =IF(H54="","",IF(J54=D54,"SIM","NÃO")) | L54: =IF(H54="","",IF(C54="","",G12*C54)) | M54: =IF(A54="","",VLOOKUP(A54,'6.A'!$A$11:$C$743,2,FALSE)) | N54: =IF(A54="","",IF(M54=B54,"si","no"))
F55: =ROUND(C55*E55,2) -> 0 | H55: =IF(A55="","",VLOOKUP(A55,'6.A'!$A$11:$E$8163,5,FALSE)) | I55: =IF(H55="","",IF(E55=H55,"SIM","NÃO")) | J55: =IF(H55="","",VLOOKUP(A55,'6.A'!$A$11:$E$743,4,FALSE)) | K55: =IF(H55="","",IF(J55=D55,"SIM","NÃO")) | L55: =IF(H55="","",IF(C55="","",G12*C55)) | M55: =IF(A55="","",VLOOKUP(A55,'6.A'!$A$11:$C$743,2,FALSE)) | N55: =IF(A55="","",IF(M55=B55,"si","no"))
F56: =ROUND(C56*E56,2) -> 0 | H56: =IF(A56="","",VLOOKUP(A56,'6.A'!$A$11:$E$8163,5,FALSE)) | I56: =IF(H56="","",IF(E56=H56,"SIM","NÃO")) | J56: =IF(H56="","",VLOOKUP(A56,'6.A'!$A$11:$E$743,4,FALSE)) | K56: =IF(H56="","",IF(J56=D56,"SIM","NÃO")) | L56: =IF(H56="","",IF(C56="","",G12*C56)) | M56: =IF(A56="","",VLOOKUP(A56,'6.A'!$A$11:$C$743,2,FALSE)) | N56: =IF(A56="","",IF(M56=B56,"si","no"))
F57: =ROUND(C57*E57,2) -> 0 | H57: =IF(A57="","",VLOOKUP(A57,'6.A'!$A$11:$E$8163,5,FALSE)) | I57: =IF(H57="","",IF(E57=H57,"SIM","NÃO")) | J57: =IF(H57="","",VLOOKUP(A57,'6.A'!$A$11:$E$743,4,FALSE)) | K57: =IF(H57="","",IF(J57=D57,"SIM","NÃO")) | L57: =IF(H57="","",IF(C57="","",G12*C57)) | M57: =IF(A57="","",VLOOKUP(A57,'6.A'!$A$11:$C$743,2,FALSE)) | N57: =IF(A57="","",IF(M57=B57,"si","no"))
F58: =ROUND(C58*E58,2) -> 0 | H58: =IF(A58="","",VLOOKUP(A58,'6.A'!$A$11:$E$8163,5,FALSE)) | I58: =IF(H58="","",IF(E58=H58,"SIM","NÃO")) | J58: =IF(H58="","",VLOOKUP(A58,'6.A'!$A$11:$E$743,4,FALSE)) | K58: =IF(H58="","",IF(J58=D58,"SIM","NÃO")) | L58: =IF(H58="","",IF(C58="","",G12*C58)) | M58: =IF(A58="","",VLOOKUP(A58,'6.A'!$A$11:$C$743,2,FALSE)) | N58: =IF(A58="","",IF(M58=B58,"si","no"))
F59: =ROUND(C59*E59,2) -> 0 | H59: =IF(A59="","",VLOOKUP(A59,'6.A'!$A$11:$E$8163,5,FALSE)) | I59: =IF(H59="","",IF(E59=H59,"SIM","NÃO")) | J59: =IF(H59="","",VLOOKUP(A59,'6.A'!$A$11:$E$743,4,FALSE)) | K59: =IF(H59="","",IF(J59=D59,"SIM","NÃO")) | L59: =IF(H59="","",IF(C59="","",G12*C59)) | M59: =IF(A59="","",VLOOKUP(A59,'6.A'!$A$11:$C$743,2,FALSE)) | N59: =IF(A59="","",IF(M59=B59,"si","no"))
F60: =ROUND(C60*E60,2) -> 0 | H60: =IF(A60="","",VLOOKUP(A60,'6.A'!$A$11:$E$8163,5,FALSE)) | I60: =IF(H60="","",IF(E60=H60,"SIM","NÃO")) | J60: =IF(H60="","",VLOOKUP(A60,'6.A'!$A$11:$E$743,4,FALSE)) | K60: =IF(H60="","",IF(J60=D60,"SIM","NÃO")) | L60: =IF(H60="","",IF(C60="","",G12*C60)) | M60: =IF(A60="","",VLOOKUP(A60,'6.A'!$A$11:$C$743,2,FALSE)) | N60: =IF(A60="","",IF(M60=B60,"si","no"))
B61: =$A$9 -> BDI - M.O / SERV. / MAT. COMUNS | C61: =$C$9 -> 0 | F61: =ROUND(SUM(F41:F60)*C61,2) -> 0
B62: TOTAL DE MATERIAIS | F62: =ROUND(SUM(F41:F61),2) -> 0
A64: ='3.A'!$A$23 -> 2.1 | B64: ='3.A'!$B$23 -> FORNECIMENTO POSTO OBRA E INSTALAÇÃO DE GUARDA-CORPO RETO EM POLÍMERO REFORÇADO COM FIBRA DE VIDRO | C64: UNIDADE: | E64: ='3.A'!$C$23 -> M | F64: =ROUND(F78+F91+F114,2) -> 0 | G64: =VLOOKUP(A64,'3.A'!$A$1:$I$195,4,FALSE) -> 1006 | H64: =SUM(F66:F77) -> 0 | I64: =SUM(F80:F90) -> 0 | J64: =SUM(F93:F113) -> 0 | K64: =SUM(H64:J64) -> 0 | L64: =IF(K64=F64,"SIM","NÃO") -> SIM | M64: =ROUND(SUM(F66:F75)*C76,2)+ROUND(SUM(F66:F76)*C77,2)+ROUND(SUM(F66:F75),2)+ROUND(SUM(F80:F89)*C90,2)+ROUND(SUM(F80:F89),2)+ROUND(SUM(F93:F112)*C113,2)+ROUND(SUM(F93:F112),2) -> 0 | N64: =IF(M64=F64,"SIM","NÃO") -> SIM | O64: =VLOOKUP(A64,'3.A'!$A$9:$E$195,3,FALSE) -> M | P64: =IF(O64=E64,"SIM","NÃO") -> SIM | Q64: =ROUND(G64*F78,2)+ROUND(G64*F91,2)+ROUND(G64*F114,2) -> 0 | R64: =VLOOKUP(A64,'3.A'!$A$18:$L$195,9,FALSE) -> 0 | S64: =IF(Q64=R64,"si","no") -> si | T64: =SUM(L66:L75)+SUM(L80:L89)+SUM(L93:L112) -> 1006 | U64: =G64*C72+G64*C74+G64*C68+G64*C67+G64*C69+G64*C73+G64*C71+G64*C70+G64*C66+G64*C75+G64*C86+G64*C80+G64*C88+G64*C87+G64*C85+G64*C82+G64*C81+G64*C83+G64*C89+G64*C84+G64*C93+G64*C94+G64*C95+G64*C103+G64*C104+G64*C105+G64*C106+G64*C107+G64*C108+G64*C109+G64*C110+G64*C111+G64*C112+G64*C101+G64*C102+G64*C96+G64*C97+G64*C98+G64*C99+G64*C100 -> 1006 | V64: =IF(T64=U64,"si","no") -> si
A65: 1.0 | B65: MÃO DE OBRA | C65: COEF. | D65: UNID. | E65: CUSTO UNIT. (R$) | F65: TOTAL (R$)
F66: =ROUND(C66*E66,2) -> 0 | H66: =IF(A66="","",VLOOKUP(A66,'6.A'!$A$11:$E$8163,5,FALSE)) | I66: =IF(H66="","",IF(E66=H66,"SIM","NÃO")) | J66: =IF(H66="","",VLOOKUP(A66,'6.A'!$A$11:$E$743,4,FALSE)) | K66: =IF(H66="","",IF(J66=D66,"SIM","NÃO")) | L66: =IF(H66="","",IF(C66="","",G64*C66)) | M66: =IF(A66="","",VLOOKUP(A66,'6.A'!$A$11:$C$743,2,FALSE)) | N66: =IF(A66="","",IF(M66=B66,"si","no"))
F67: =ROUND(C67*E67,2) -> 0 | H67: =IF(A67="","",VLOOKUP(A67,'6.A'!$A$11:$E$8163,5,FALSE)) | I67: =IF(H67="","",IF(E67=H67,"SIM","NÃO")) | J67: =IF(H67="","",VLOOKUP(A67,'6.A'!$A$11:$E$743,4,FALSE)) | K67: =IF(H67="","",IF(J67=D67,"SIM","NÃO")) | L67: =IF(H67="","",IF(C67="","",G64*C67)) | M67: =IF(A67="","",VLOOKUP(A67,'6.A'!$A$11:$C$743,2,FALSE)) | N67: =IF(A67="","",IF(M67=B67,"si","no"))
F68: =ROUND(C68*E68,2) -> 0 | H68: =IF(A68="","",VLOOKUP(A68,'6.A'!$A$11:$E$8163,5,FALSE)) | I68: =IF(H68="","",IF(E68=H68,"SIM","NÃO")) | J68: =IF(H68="","",VLOOKUP(A68,'6.A'!$A$11:$E$743,4,FALSE)) | K68: =IF(H68="","",IF(J68=D68,"SIM","NÃO")) | L68: =IF(H68="","",IF(C68="","",G64*C68)) | M68: =IF(A68="","",VLOOKUP(A68,'6.A'!$A$11:$C$743,2,FALSE)) | N68: =IF(A68="","",IF(M68=B68,"si","no"))
F69: =ROUND(C69*E69,2) -> 0 | H69: =IF(A69="","",VLOOKUP(A69,'6.A'!$A$11:$E$8163,5,FALSE)) | I69: =IF(H69="","",IF(E69=H69,"SIM","NÃO")) | J69: =IF(H69="","",VLOOKUP(A69,'6.A'!$A$11:$E$743,4,FALSE)) | K69: =IF(H69="","",IF(J69=D69,"SIM","NÃO")) | L69: =IF(H69="","",IF(C69="","",G64*C69)) | M69: =IF(A69="","",VLOOKUP(A69,'6.A'!$A$11:$C$743,2,FALSE)) | N69: =IF(A69="","",IF(M69=B69,"si","no"))
F70: =ROUND(C70*E70,2) -> 0 | H70: =IF(A70="","",VLOOKUP(A70,'6.A'!$A$11:$E$8163,5,FALSE)) | I70: =IF(H70="","",IF(E70=H70,"SIM","NÃO")) | J70: =IF(H70="","",VLOOKUP(A70,'6.A'!$A$11:$E$743,4,FALSE)) | K70: =IF(H70="","",IF(J70=D70,"SIM","NÃO")) | L70: =IF(H70="","",IF(C70="","",G64*C70)) | M70: =IF(A70="","",VLOOKUP(A70,'6.A'!$A$11:$C$743,2,FALSE)) | N70: =IF(A70="","",IF(M70=B70,"si","no"))
F71: =ROUND(C71*E71,2) -> 0 | H71: =IF(A71="","",VLOOKUP(A71,'6.A'!$A$11:$E$8163,5,FALSE)) | I71: =IF(H71="","",IF(E71=H71,"SIM","NÃO")) | J71: =IF(H71="","",VLOOKUP(A71,'6.A'!$A$11:$E$743,4,FALSE)) | K71: =IF(H71="","",IF(J71=D71,"SIM","NÃO")) | L71: =IF(H71="","",IF(C71="","",G64*C71)) | M71: =IF(A71="","",VLOOKUP(A71,'6.A'!$A$11:$C$743,2,FALSE)) | N71: =IF(A71="","",IF(M71=B71,"si","no"))
F72: =ROUND(C72*E72,2) -> 0 | H72: =IF(A72="","",VLOOKUP(A72,'6.A'!$A$11:$E$8163,5,FALSE)) | I72: =IF(H72="","",IF(E72=H72,"SIM","NÃO")) | J72: =IF(H72="","",VLOOKUP(A72,'6.A'!$A$11:$E$743,4,FALSE)) | K72: =IF(H72="","",IF(J72=D72,"SIM","NÃO")) | L72: =IF(H72="","",IF(C72="","",G64*C72)) | M72: =IF(A72="","",VLOOKUP(A72,'6.A'!$A$11:$C$743,2,FALSE)) | N72: =IF(A72="","",IF(M72=B72,"si","no"))
F73: =ROUND(C73*E73,2) -> 0 | H73: =IF(A73="","",VLOOKUP(A73,'6.A'!$A$11:$E$8163,5,FALSE)) | I73: =IF(H73="","",IF(E73=H73,"SIM","NÃO")) | J73: =IF(H73="","",VLOOKUP(A73,'6.A'!$A$11:$E$743,4,FALSE)) | K73: =IF(H73="","",IF(J73=D73,"SIM","NÃO")) | L73: =IF(H73="","",IF(C73="","",G64*C73)) | M73: =IF(A73="","",VLOOKUP(A73,'6.A'!$A$11:$C$743,2,FALSE)) | N73: =IF(A73="","",IF(M73=B73,"si","no"))
F74: =ROUND(C74*E74,2) -> 0 | H74: =IF(A74="","",VLOOKUP(A74,'6.A'!$A$11:$E$8163,5,FALSE)) | I74: =IF(H74="","",IF(E74=H74,"SIM","NÃO")) | J74: =IF(H74="","",VLOOKUP(A74,'6.A'!$A$11:$E$743,4,FALSE)) | K74: =IF(H74="","",IF(J74=D74,"SIM","NÃO")) | L74: =IF(H74="","",IF(C74="","",G64*C74)) | M74: =IF(A74="","",VLOOKUP(A74,'6.A'!$A$11:$C$743,2,FALSE)) | N74: =IF(A74="","",IF(M74=B74,"si","no"))
F75: =ROUND(C75*E75,2) -> 0 | H75: =IF(A75="","",VLOOKUP(A75,'6.A'!$A$11:$E$8163,5,FALSE)) | I75: =IF(H75="","",IF(E75=H75,"SIM","NÃO")) | J75: =IF(H75="","",VLOOKUP(A75,'6.A'!$A$11:$E$743,4,FALSE)) | K75: =IF(H75="","",IF(J75=D75,"SIM","NÃO")) | L75: =IF(H75="","",IF(C75="","",G64*C75)) | M75: =IF(A75="","",VLOOKUP(A75,'6.A'!$A$11:$C$743,2,FALSE)) | N75: =IF(A75="","",IF(M75=B75,"si","no"))
B76: =$A$8 -> LEIS SOCIAIS HORISTA - JORNADA NORMAL | C76: =$C$8 -> 0 | F76: =ROUND(SUM(F66:F75)*C76,2) -> 0
B77: =$A$9 -> BDI - M.O / SERV. / MAT. COMUNS | C77: =$C$9 -> 0 | F77: =ROUND(SUM(F66:F76)*C77,2) -> 0
B78: TOTAL DE MÃO DE OBRA | F78: =ROUND(SUM(F66:F77),2) -> 0
A79: 2.0 | B79: EQUIPAMENTOS E SERVIÇOS | C79: COEF. | D79: UNID. | E79: CUSTO UNIT. (R$) | F79: TOTAL (R$)
A80: ='6.A'!$A$15 -> 70110155 | B80: ='6.A'!$B$15 -> GUARDA CORPO RETO FIBRA DE VIDRO ( PRFV) TIPO 1 NTS282-2020 | C80: 1 | D80: ='6.A'!$D$15 -> M | E80: ='6.A'!$E$15 -> 0 | F80: =ROUND(C80*E80,2) -> 0 | H80: =IF(A80="","",VLOOKUP(A80,'6.A'!$A$11:$E$8163,5,FALSE)) -> 0 | I80: =IF(H80="","",IF(E80=H80,"SIM","NÃO")) -> SIM | J80: =IF(H80="","",VLOOKUP(A80,'6.A'!$A$11:$E$743,4,FALSE)) -> M | K80: =IF(H80="","",IF(J80=D80,"SIM","NÃO")) -> SIM | L80: =IF(H80="","",IF(C80="","",G64*C80)) -> 1006 | M80: =IF(A80="","",VLOOKUP(A80,'6.A'!$A$11:$C$743,2,FALSE)) -> GUARDA CORPO RETO FIBRA DE VIDRO ( PRFV) TIPO 1 NTS282-2020 | N80: =IF(A80="","",IF(M80=B80,"si","no")) -> si
F81: =ROUND(C81*E81,2) -> 0 | H81: =IF(A81="","",VLOOKUP(A81,'6.A'!$A$11:$E$8163,5,FALSE)) | I81: =IF(H81="","",IF(E81=H81,"SIM","NÃO")) | J81: =IF(H81="","",VLOOKUP(A81,'6.A'!$A$11:$E$743,4,FALSE)) | K81: =IF(H81="","",IF(J81=D81,"SIM","NÃO")) | L81: =IF(H81="","",IF(C81="","",G64*C81)) | M81: =IF(A81="","",VLOOKUP(A81,'6.A'!$A$11:$C$743,2,FALSE)) | N81: =IF(A81="","",IF(M81=B81,"si","no"))
F82: =ROUND(C82*E82,2) -> 0 | H82: =IF(A82="","",VLOOKUP(A82,'6.A'!$A$11:$E$8163,5,FALSE)) | I82: =IF(H82="","",IF(E82=H82,"SIM","NÃO")) | J82: =IF(H82="","",VLOOKUP(A82,'6.A'!$A$11:$E$743,4,FALSE)) | K82: =IF(H82="","",IF(J82=D82,"SIM","NÃO")) | L82: =IF(H82="","",IF(C82="","",G64*C82)) | M82: =IF(A82="","",VLOOKUP(A82,'6.A'!$A$11:$C$743,2,FALSE)) | N82: =IF(A82="","",IF(M82=B82,"si","no"))
F83: =ROUND(C83*E83,2) -> 0 | H83: =IF(A83="","",VLOOKUP(A83,'6.A'!$A$11:$E$8163,5,FALSE)) | I83: =IF(H83="","",IF(E83=H83,"SIM","NÃO")) | J83: =IF(H83="","",VLOOKUP(A83,'6.A'!$A$11:$E$743,4,FALSE)) | K83: =IF(H83="","",IF(J83=D83,"SIM","NÃO")) | L83: =IF(H83="","",IF(C83="","",G64*C83)) | M83: =IF(A83="","",VLOOKUP(A83,'6.A'!$A$11:$C$743,2,FALSE)) | N83: =IF(A83="","",IF(M83=B83,"si","no"))
F84: =ROUND(C84*E84,2) -> 0 | H84: =IF(A84="","",VLOOKUP(A84,'6.A'!$A$11:$E$8163,5,FALSE)) | I84: =IF(H84="","",IF(E84=H84,"SIM","NÃO")) | J84: =IF(H84="","",VLOOKUP(A84,'6.A'!$A$11:$E$743,4,FALSE)) | K84: =IF(H84="","",IF(J84=D84,"SIM","NÃO")) | L84: =IF(H84="","",IF(C84="","",G64*C84)) | M84: =IF(A84="","",VLOOKUP(A84,'6.A'!$A$11:$C$743,2,FALSE)) | N84: =IF(A84="","",IF(M84=B84,"si","no"))
F85: =ROUND(C85*E85,2) -> 0 | H85: =IF(A85="","",VLOOKUP(A85,'6.A'!$A$11:$E$8163,5,FALSE)) | I85: =IF(H85="","",IF(E85=H85,"SIM","NÃO")) | J85: =IF(H85="","",VLOOKUP(A85,'6.A'!$A$11:$E$743,4,FALSE)) | K85: =IF(H85="","",IF(J85=D85,"SIM","NÃO")) | L85: =IF(H85="","",IF(C85="","",G64*C85)) | M85: =IF(A85="","",VLOOKUP(A85,'6.A'!$A$11:$C$743,2,FALSE)) | N85: =IF(A85="","",IF(M85=B85,"si","no"))
F86: =ROUND(C86*E86,2) -> 0 | H86: =IF(A86="","",VLOOKUP(A86,'6.A'!$A$11:$E$8163,5,FALSE)) | I86: =IF(H86="","",IF(E86=H86,"SIM","NÃO")) | J86: =IF(H86="","",VLOOKUP(A86,'6.A'!$A$11:$E$743,4,FALSE)) | K86: =IF(H86="","",IF(J86=D86,"SIM","NÃO")) | L86: =IF(H86="","",IF(C86="","",G64*C86)) | M86: =IF(A86="","",VLOOKUP(A86,'6.A'!$A$11:$C$743,2,FALSE)) | N86: =IF(A86="","",IF(M86=B86,"si","no"))
F87: =ROUND(C87*E87,2) -> 0 | H87: =IF(A87="","",VLOOKUP(A87,'6.A'!$A$11:$E$8163,5,FALSE)) | I87: =IF(H87="","",IF(E87=H87,"SIM","NÃO")) | J87: =IF(H87="","",VLOOKUP(A87,'6.A'!$A$11:$E$743,4,FALSE)) | K87: =IF(H87="","",IF(J87=D87,"SIM","NÃO")) | L87: =IF(H87="","",IF(C87="","",G64*C87)) | M87: =IF(A87="","",VLOOKUP(A87,'6.A'!$A$11:$C$743,2,FALSE)) | N87: =IF(A87="","",IF(M87=B87,"si","no"))
F88: =ROUND(C88*E88,2) -> 0 | H88: =IF(A88="","",VLOOKUP(A88,'6.A'!$A$11:$E$8163,5,FALSE)) | I88: =IF(H88="","",IF(E88=H88,"SIM","NÃO")) | J88: =IF(H88="","",VLOOKUP(A88,'6.A'!$A$11:$E$743,4,FALSE)) | K88: =IF(H88="","",IF(J88=D88,"SIM","NÃO")) | L88: =IF(H88="","",IF(C88="","",G64*C88)) | M88: =IF(A88="","",VLOOKUP(A88,'6.A'!$A$11:$C$743,2,FALSE)) | N88: =IF(A88="","",IF(M88=B88,"si","no"))
F89: =ROUND(C89*E89,2) -> 0 | H89: =IF(A89="","",VLOOKUP(A89,'6.A'!$A$11:$E$8163,5,FALSE)) | I89: =IF(H89="","",IF(E89=H89,"SIM","NÃO")) | J89: =IF(H89="","",VLOOKUP(A89,'6.A'!$A$11:$E$743,4,FALSE)) | K89: =IF(H89="","",IF(J89=D89,"SIM","NÃO")) | L89: =IF(H89="","",IF(C89="","",G64*C89)) | M89: =IF(A89="","",VLOOKUP(A89,'6.A'!$A$11:$C$743,2,FALSE)) | N89: =IF(A89="","",IF(M89=B89,"si","no"))
B90: =$A$9 -> BDI - M.O / SERV. / MAT. COMUNS | C90: =$C$9 -> 0 | F90: =ROUND(SUM(F80:F89)*C90,2) -> 0
B91: TOTAL DE EQUIPAMENTOS E SERVIÇOS | F91: =ROUND(SUM(F80:F90),2) -> 0
A92: 3.0 | B92: MATERIAIS | C92: COEF. | D92: UNID. | E92: CUSTO UNIT. (R$) | F92: TOTAL (R$)
F93: =ROUND(C93*E93,2) -> 0 | H93: =IF(A93="","",VLOOKUP(A93,'6.A'!$A$11:$E$8163,5,FALSE)) | I93: =IF(H93="","",IF(E93=H93,"SIM","NÃO")) | J93: =IF(H93="","",VLOOKUP(A93,'6.A'!$A$11:$E$743,4,FALSE)) | K93: =IF(H93="","",IF(J93=D93,"SIM","NÃO")) | L93: =IF(H93="","",IF(C93="","",G64*C93)) | M93: =IF(A93="","",VLOOKUP(A93,'6.A'!$A$11:$C$743,2,FALSE)) | N93: =IF(A93="","",IF(M93=B93,"si","no"))
F94: =ROUND(C94*E94,2) -> 0 | H94: =IF(A94="","",VLOOKUP(A94,'6.A'!$A$11:$E$8163,5,FALSE)) | I94: =IF(H94="","",IF(E94=H94,"SIM","NÃO")) | J94: =IF(H94="","",VLOOKUP(A94,'6.A'!$A$11:$E$743,4,FALSE)) | K94: =IF(H94="","",IF(J94=D94,"SIM","NÃO")) | L94: =IF(H94="","",IF(C94="","",G64*C94)) | M94: =IF(A94="","",VLOOKUP(A94,'6.A'!$A$11:$C$743,2,FALSE)) | N94: =IF(A94="","",IF(M94=B94,"si","no"))
F95: =ROUND(C95*E95,2) -> 0 | H95: =IF(A95="","",VLOOKUP(A95,'6.A'!$A$11:$E$8163,5,FALSE)) | I95: =IF(H95="","",IF(E95=H95,"SIM","NÃO")) | J95: =IF(H95="","",VLOOKUP(A95,'6.A'!$A$11:$E$743,4,FALSE)) | K95: =IF(H95="","",IF(J95=D95,"SIM","NÃO")) | L95: =IF(H95="","",IF(C95="","",G64*C95)) | M95: =IF(A95="","",VLOOKUP(A95,'6.A'!$A$11:$C$743,2,FALSE)) | N95: =IF(A95="","",IF(M95=B95,"si","no"))
F96: =ROUND(C96*E96,2) -> 0 | H96: =IF(A96="","",VLOOKUP(A96,'6.A'!$A$11:$E$8163,5,FALSE)) | I96: =IF(H96="","",IF(E96=H96,"SIM","NÃO")) | J96: =IF(H96="","",VLOOKUP(A96,'6.A'!$A$11:$E$743,4,FALSE)) | K96: =IF(H96="","",IF(J96=D96,"SIM","NÃO")) | L96: =IF(H96="","",IF(C96="","",G64*C96)) | M96: =IF(A96="","",VLOOKUP(A96,'6.A'!$A$11:$C$743,2,FALSE)) | N96: =IF(A96="","",IF(M96=B96,"si","no"))
F97: =ROUND(C97*E97,2) -> 0 | H97: =IF(A97="","",VLOOKUP(A97,'6.A'!$A$11:$E$8163,5,FALSE)) | I97: =IF(H97="","",IF(E97=H97,"SIM","NÃO")) | J97: =IF(H97="","",VLOOKUP(A97,'6.A'!$A$11:$E$743,4,FALSE)) | K97: =IF(H97="","",IF(J97=D97,"SIM","NÃO")) | L97: =IF(H97="","",IF(C97="","",G64*C97)) | M97: =IF(A97="","",VLOOKUP(A97,'6.A'!$A$11:$C$743,2,FALSE)) | N97: =IF(A97="","",IF(M97=B97,"si","no"))
F98: =ROUND(C98*E98,2) -> 0 | H98: =IF(A98="","",VLOOKUP(A98,'6.A'!$A$11:$E$8163,5,FALSE)) | I98: =IF(H98="","",IF(E98=H98,"SIM","NÃO")) | J98: =IF(H98="","",VLOOKUP(A98,'6.A'!$A$11:$E$743,4,FALSE)) | K98: =IF(H98="","",IF(J98=D98,"SIM","NÃO")) | L98: =IF(H98="","",IF(C98="","",G64*C98)) | M98: =IF(A98="","",VLOOKUP(A98,'6.A'!$A$11:$C$743,2,FALSE)) | N98: =IF(A98="","",IF(M98=B98,"si","no"))
F99: =ROUND(C99*E99,2) -> 0 | H99: =IF(A99="","",VLOOKUP(A99,'6.A'!$A$11:$E$8163,5,FALSE)) | I99: =IF(H99="","",IF(E99=H99,"SIM","NÃO")) | J99: =IF(H99="","",VLOOKUP(A99,'6.A'!$A$11:$E$743,4,FALSE)) | K99: =IF(H99="","",IF(J99=D99,"SIM","NÃO")) | L99: =IF(H99="","",IF(C99="","",G64*C99)) | M99: =IF(A99="","",VLOOKUP(A99,'6.A'!$A$11:$C$743,2,FALSE)) | N99: =IF(A99="","",IF(M99=B99,"si","no"))
F100: =ROUND(C100*E100,2) -> 0 | H100: =IF(A100="","",VLOOKUP(A100,'6.A'!$A$11:$E$8163,5,FALSE)) | I100: =IF(H100="","",IF(E100=H100,"SIM","NÃO")) | J100: =IF(H100="","",VLOOKUP(A100,'6.A'!$A$11:$E$743,4,FALSE)) | K100: =IF(H100="","",IF(J100=D100,"SIM","NÃO")) | L100: =IF(H100="","",IF(C100="","",G64*C100)) | M100: =IF(A100="","",VLOOKUP(A100,'6.A'!$A$11:$C$743,2,FALSE)) | N100: =IF(A100="","",IF(M100=B100,"si","no"))
F101: =ROUND(C101*E101,2) -> 0 | H101: =IF(A101="","",VLOOKUP(A101,'6.A'!$A$11:$E$8163,5,FALSE)) | I101: =IF(H101="","",IF(E101=H101,"SIM","NÃO")) | J101: =IF(H101="","",VLOOKUP(A101,'6.A'!$A$11:$E$743,4,FALSE)) | K101: =IF(H101="","",IF(J101=D101,"SIM","NÃO")) | L101: =IF(H101="","",IF(C101="","",G64*C101)) | M101: =IF(A101="","",VLOOKUP(A101,'6.A'!$A$11:$C$743,2,FALSE)) | N101: =IF(A101="","",IF(M101=B101,"si","no"))
F102: =ROUND(C102*E102,2) -> 0 | H102: =IF(A102="","",VLOOKUP(A102,'6.A'!$A$11:$E$8163,5,FALSE)) | I102: =IF(H102="","",IF(E102=H102,"SIM","NÃO")) | J102: =IF(H102="","",VLOOKUP(A102,'6.A'!$A$11:$E$743,4,FALSE)) | K102: =IF(H102="","",IF(J102=D102,"SIM","NÃO")) | L102: =IF(H102="","",IF(C102="","",G64*C102)) | M102: =IF(A102="","",VLOOKUP(A102,'6.A'!$A$11:$C$743,2,FALSE)) | N102: =IF(A102="","",IF(M102=B102,"si","no"))
F103: =ROUND(C103*E103,2) -> 0 | H103: =IF(A103="","",VLOOKUP(A103,'6.A'!$A$11:$E$8163,5,FALSE)) | I103: =IF(H103="","",IF(E103=H103,"SIM","NÃO")) | J103: =IF(H103="","",VLOOKUP(A103,'6.A'!$A$11:$E$743,4,FALSE)) | K103: =IF(H103="","",IF(J103=D103,"SIM","NÃO")) | L103: =IF(H103="","",IF(C103="","",G64*C103)) | M103: =IF(A103="","",VLOOKUP(A103,'6.A'!$A$11:$C$743,2,FALSE)) | N103: =IF(A103="","",IF(M103=B103,"si","no"))
F104: =ROUND(C104*E104,2) -> 0 | H104: =IF(A104="","",VLOOKUP(A104,'6.A'!$A$11:$E$8163,5,FALSE)) | I104: =IF(H104="","",IF(E104=H104,"SIM","NÃO")) | J104: =IF(H104="","",VLOOKUP(A104,'6.A'!$A$11:$E$743,4,FALSE)) | K104: =IF(H104="","",IF(J104=D104,"SIM","NÃO")) | L104: =IF(H104="","",IF(C104="","",G64*C104)) | M104: =IF(A104="","",VLOOKUP(A104,'6.A'!$A$11:$C$743,2,FALSE)) | N104: =IF(A104="","",IF(M104=B104,"si","no"))
F105: =ROUND(C105*E105,2) -> 0 | H105: =IF(A105="","",VLOOKUP(A105,'6.A'!$A$11:$E$8163,5,FALSE)) | I105: =IF(H105="","",IF(E105=H105,"SIM","NÃO")) | J105: =IF(H105="","",VLOOKUP(A105,'6.A'!$A$11:$E$743,4,FALSE)) | K105: =IF(H105="","",IF(J105=D105,"SIM","NÃO")) | L105: =IF(H105="","",IF(C105="","",G64*C105)) | M105: =IF(A105="","",VLOOKUP(A105,'6.A'!$A$11:$C$743,2,FALSE)) | N105: =IF(A105="","",IF(M105=B105,"si","no"))
F106: =ROUND(C106*E106,2) -> 0 | H106: =IF(A106="","",VLOOKUP(A106,'6.A'!$A$11:$E$8163,5,FALSE)) | I106: =IF(H106="","",IF(E106=H106,"SIM","NÃO")) | J106: =IF(H106="","",VLOOKUP(A106,'6.A'!$A$11:$E$743,4,FALSE)) | K106: =IF(H106="","",IF(J106=D106,"SIM","NÃO")) | L106: =IF(H106="","",IF(C106="","",G64*C106)) | M106: =IF(A106="","",VLOOKUP(A106,'6.A'!$A$11:$C$743,2,FALSE)) | N106: =IF(A106="","",IF(M106=B106,"si","no"))
F107: =ROUND(C107*E107,2) -> 0 | H107: =IF(A107="","",VLOOKUP(A107,'6.A'!$A$11:$E$8163,5,FALSE)) | I107: =IF(H107="","",IF(E107=H107,"SIM","NÃO")) | J107: =IF(H107="","",VLOOKUP(A107,'6.A'!$A$11:$E$743,4,FALSE)) | K107: =IF(H107="","",IF(J107=D107,"SIM","NÃO")) | L107: =IF(H107="","",IF(C107="","",G64*C107)) | M107: =IF(A107="","",VLOOKUP(A107,'6.A'!$A$11:$C$743,2,FALSE)) | N107: =IF(A107="","",IF(M107=B107,"si","no"))
...

Sheet 6.A
A1: ='3.A'!A1:J4 -> TIMBRE LICITANTE
I4: ='3.A'!I41 -> 0
A6: ANEXO 6.A - CUSTOS UNITÁRIOS DE INSUMOS - LICITANTE
A8: ='3.A'!$A$9 -> OBJETO: FORNECIMENTO E INSTALAÇÃO DE GUARDA-CORPOS, ESCADAS MARINHEIROS E GRADES-PISO, EM FIBRA DE VIDRO, NAS ÁREAS DE PROCESSO DA ESTAÇÃO DE TRATAMENTO DE ÁGUA.
A11: 1.0 | B11: MÃO-DE-OBRA | D11: UNID | E11: VALOR | F11: FONTE | G11: DATA | N11: LS | O11: ='8.A'!C49 -> 0
A12: 90776 | B12: ENCARREGADO GERAL COM ENCARGOS COMPLEMENTARES | D12: H | F12: SINAPI | G12: =$D$23 -> 45413 | H12: =SUMIF('5.A'!$B$7:$B$323,B12,'5.A'!$L$7:$L$323) -> 660 | I12: =IF(H12=0,"no","si") -> si | J12: 47.89 | K12: =ROUND(J12/(1+$O$11),2) -> 47.89 | AM12: ENCARREGADO GERAL COM ENCARGOS COMPLEMENTARES
A14: 2.0 | B14: EQUIPAMENTOS / SERVIÇOS | D14: UNID | E14: VALOR | F14: FONTE | G14: DATA
A15: 70110155 | B15: GUARDA CORPO RETO FIBRA DE VIDRO ( PRFV) TIPO 1 NTS282-2020 | D15: M | F15: SABESP | G15: =$D$24 -> 45292 | H15: =SUMIF('5.A'!$B$7:$B$323,B15,'5.A'!$L$7:$L$323) -> 1006 | I15: =IF(H15=0,"no","si") -> si | AM15: CAVALO MECÂNICO COM SEMI-REBOQUE DE 6 EIXOS COM CAPACIDADE DE 74 T - 324 KW
A16: 70110152 | B16: GUARDA-CORPO ESCADA FIBRA DE VIDRO (PRFV) TIPO 1 NTS 282-2020 | D16: M | F16: SABESP | G16: =$D$24 -> 45292 | H16: =SUMIF('5.A'!$B$7:$B$323,B16,'5.A'!$L$7:$L$323) -> 58.1 | I16: =IF(H16=0,"no","si") -> si
A17: 70110153 | B17: GUARDA CORPO RETO AÇO INOX TIPO 1 NTS282-2020 | D17: M | F17: SABESP | G17: =$D$24 -> 45292 | H17: =SUMIF('5.A'!$B$7:$B$323,B17,'5.A'!$L$7:$L$323) -> 30 | I17: =IF(H17=0,"no","si") -> si
A18: 70110161 | B18: ESCADA TIPO MARINHEIRO FIBRA DE VIDRO DESNÍVEL MÁX 10M | D18: M | F18: SABESP | G18: =$D$24 -> 45292 | H18: =SUMIF('5.A'!$B$7:$B$323,B18,'5.A'!$L$7:$L$323) -> 53 | I18: =IF(H18=0,"no","si") -> si
A19: 70110171 | B19: GRADE PISO INJETADA PRFV H=38MM E=4MM VÃO 38X38MM INCLUIDO QUADRO DE APOIO | D19: M² | F19: SABESP | G19: =$D$24 -> 45292 | H19: =SUMIF('5.A'!$B$7:$B$323,B19,'5.A'!$L$7:$L$323) -> 353.4 | I19: =IF(H19=0,"no","si") -> si
A20: 10775 | B20: CONTAINER 2,30 X 6,00 M, ALT. 2,50 M, COM 1 SANITARIO, PARA ESCRITORIO, COMPLETO | D20: MÊS | F20: SINAPI | G20: =$D$23 -> 45413 | H20: =SUMIF('5.A'!$B$7:$B$323,B20,'5.A'!$L$7:$L$323) -> 3 | I20: =IF(H20=0,"no","si") -> si
A22: DATAS-BASE: | H22: =SUM(H12:H21) -> 2163.5
A23: SINAPI | C23: MAIO/2024 | D23: 45413
A24: SABESP | C24: JANEIRO/2024 | D24: 45292

Sheet 7.A
A1: ='3.A'!A1:J4 -> TIMBRE LICITANTE
A3: ANEXO 7.A - BDI - LICITANTE
A5: ='3.A'!A9 -> OBJETO: FORNECIMENTO E INSTALAÇÃO DE GUARDA-CORPOS, ESCADAS MARINHEIROS E GRADES-PISO, EM FIBRA DE VIDRO, NAS ÁREAS DE PROCESSO DA ESTAÇÃO DE TRATAMENTO DE ÁGUA.
A7: COMPOSIÇÃO DAS TAXAS DE BDI | E7: M.O. / SERV. / MAT. COMUNS
A9: AC | B9: ADMINISTRAÇÃO CENTRAL
A11: S | B11: SEGURO
A13: R | B13: RISCOS
A15: G | B15: GARANTIAS
A17: DF | B17: DESPESAS FINANCEIRAS
A19: L | B19: LUCRO
A21: CP | B21: TRIBUTOS - COFINS E PIS | E21: =ROUND(SUM(E22:E23),5) -> 0
B22: PIS
B23: COFINS
A25: ISS | B25: TRIBUTOS - ISS | E25: =ROUND(SUM(E26:E26),5) -> 0
B26: ISS – IMPOSTO SOBRE SERVIÇOS
A28: CPRB | B28: TRIBUTOS - CONTRIBUIÇÃO PREVIDENCIÁRIA SOBRE A RENDA BRUTA | E28: =ROUND(SUM(E29:E29),5) -> 0
B29: DESONERAÇÃO - 0% OU 4,5%
B31: TOTAL | E31: =ROUND((((1+($E$9+$E$11+$E$13+$E$15))*(1+$E$17)*(1+$E$19))/(1-$E$21-$E$25-$E$28))-1,4) -> 0
A36: Caso a Licitante se enquadre na Lei Nº 12.244/2013 e apresente Proposta com Desoneração, preencher com a alíquota correspondente.
A38: Conforme Lei Complementar nº 178 de 29 de dezembro de 2003 e alterações, que dispõe sobre a instituição do imposto sobre serviços de qualquer natureza – ISSQN no Município de São José do Rio Preto/SP, Art. 31 Inciso I, o ISS para o objeto deste Processo Licitatório será de 5% com redução de 50% na base de cálculo da prestação do serviço, resultando em alíquota de 2,5% sobre o Valor Total da Obra, adotada na elaboração do BDI médio.

Sheet 8.A
A1: ='3.A'!A1:J4 -> TIMBRE LICITANTE
A13: ANEXO 8.A - ENCARGOS SOCIAIS E TRABALHISTAS - LICITANTE
A15: ='3.A'!$A$9 -> OBJETO: FORNECIMENTO E INSTALAÇÃO DE GUARDA-CORPOS, ESCADAS MARINHEIROS E GRADES-PISO, EM FIBRA DE VIDRO, NAS ÁREAS DE PROCESSO DA ESTAÇÃO DE TRATAMENTO DE ÁGUA.
A16: GRUPO | B16: DESCRIÇÃO | C16: JORNADA NORMAL
C18: HORISTA
A19: A | B19: A1 – PREVIDÊNCIA SOCIAL (INSS)
B20: A2 – SERVIÇO SOCIAL DA INDÚSTRIA (SESI)
B21: A3 – SERVIÇO NACIONAL DE APRENDIZAGEM INDUSTRIAL (SENAI)
B22: A4 – INSTITUTO NACIONAL DE COLONIZAÇÃO E REFORMA AGRÁRIA (INCRA)
B23: A5 – SERVIÇO DE APOIO A PEQUENA E MÉDIA EMPRESA (SEBRAE)
B24: A6 – SALÁRIO EDUCAÇÃO
B25: A7 – SEGURO CONTRA ACIDENTES DE TRABALHO
B26: A8 – FUNDO DE GARANTIA POR TEMPO DE SERVIÇO (FGTS)
B27: A9 – SECONCI ( APLICÁVEL AS EMPRESAS CONSTANTES DO III GRUPO DA CLT)
B28: A – TOTAL DOS ENCARGOS SOCIAIS BÁSICOS | C28: =ROUND(SUM(C19:C27),4) -> 0
A29: B | B29: B1 – REPOUSO SEMANAL REMUNERADO
B30: B2 – FERIADOS
B31: B3 – AUXÍLIO - ENFERMIDADE
B32: B4 – 13º SALÁRIO
B33: B5 – LICENÇA PATERNIDADE
B34: B6 – FALTAS JUSTIFICADAS
B35: B7 – DIAS DE CHUVA
B36: B8 – AUXÍLIO ACIDENTE DE TRABALHO
B37: B9 – FÉRIAS GOZADAS
B38: B10 – SALÁRIO MATERNIDADE
B39: B – TOTAL DOS ENCARGOS QUE RECEBEM AS INCIDÊNCIAS DE A | C39: =SUM(C29:C38) -> 0
A40: C | B40: C1 – AVISO PRÉVIO INDENIZADO
B41: C2 – AVISO PRÉVIO TRABALHADO
B42: C3 – FÉRIAS INDENIZADAS
B43: C4 – DEPÓSITO RESCISÃO SEM JUSTA CAUSA
B44: C5 – INDENIZAÇÃO ADICIONAL
B45: C – TOTAL DOS ENCARGOS SOCIAIS QUE NÃO RECEBEM INCIDÊNCIAS DE A | C45: =SUM(C40:C44) -> 0
A46: D | B46: D1 – REINCIDÊNCIA DO GRUPO A SOBRE GRUPO B | C46: =ROUND(C28*C39,4) -> 0
B47: D2 – REINCIDÊNCIA DO GRUPO A SOBRE AVISO PRÉVIO TRABALHADO (C2) E REINCIDÊNCIA DO FGTS (A8) SOBRE AVISO PRÉVIO INDENIZADO (C1) | C47: =ROUND(C28*C41+C26*C40,4) -> 0
B48: D – TOTAL DE REINCIDÊNCIAS DE UM GRUPO SOBRE O OUTRO | C48: =SUM(C46:C47) -> 0
A49: PORCENTAGEM TOTAL | C49: =ROUND(C28+C39+C45+C48,5) -> 0
